 Dungeon Crawl Stone Soup version 0.30-a0-879-ga8ba668304 (webtiles) character file.

Game seed: 1584400871630445147

182 Indecide the Shooter (level 5, -40/41 HPs)
             Began as a Barachi Hunter on Mar 12, 2023.
             Killed by an exploding orc priest (45 damage)
             ... ignited by their inner flame
             ... on level 4 of the Dungeon.
             The game lasted 00:24:05 (2313 turns).

Indecide the Shooter (Barachi Hunter)               Turns: 2313, Time: 00:24:06

Health: -40/41     AC:  6    Str: 16    XL:     5   Next: 62%
Magic:  0/5        EV: 12    Int:  9    God:
Gold:   586        SH:  0    Dex: 20    Spells: 4/4 levels left

rFire   x . .      SeeInvis .    y - +2 flail (venom)
rCold   + . .      Faith    .    (no shield)
rNeg    + . .      Spirit   +    F - +0 ring mail {rN+}
rPois   .          Reflect  .    w - +1 hat
rElec   .          Rampage  .    (no cloak)
rCorr   .                        (no gloves)
Will    .....                    (no boots)
Stlth   +                        B - amulet of guardian spirit
HPRegen 0.26/turn                s - ring "Azouroff" {Ice Str+3 Dex+3}
MPRegen 0.09/turn                (no ring)

@: unable to hop, slow
A: amphibious, slowness 1, strong legs 1, +LOS
a: Hop


You were on level 4 of the Dungeon.
You visited 1 branch of the dungeon, and saw 4 of its levels.

You collected 586 gold pieces.

Inventory:

Hand Weapons
 a - a +0 shortbow
 g - a +0 rapier
 y - a +2 flail of venom (weapon)
Missiles
 i - 43 stones
 j - 5 boomerangs
 l - 5 large rocks
 D - 7 poisoned darts
Armour
 c - a +0 leather armour
 o - a +0 scale mail
 w - a +1 hat (worn)
 F - a +0 ring mail of positive energy (worn)
Magical Staves
 v - a staff of fire
 E - a staff of cold
Jewellery
 s - the ring "Azouroff" (left hand) {Ice Str+3 Dex+3}
   (You found it on level 2 of the Dungeon)

   [ring of ice]

   It enhances your ice magic.
   Str:       It affects your strength (+3).
   Dex:       It affects your dexterity (+3).
   rF:        It makes you vulnerable to fire.
   rC:        It protects you from cold.
 B - an amulet of guardian spirit (around neck)
Scrolls
 e - 2 scrolls of fog {unknown}
 f - a scroll of identify {unknown}
 h - a scroll of acquirement
 k - a scroll of amnesia {unknown}
 n - a scroll of fear {unknown}
 t - a scroll of brand weapon {unknown}
 u - a scroll of poison
 A - a scroll of teleportation
 C - a scroll of noise {unknown}
 G - a scroll of vulnerability {unknown}
Potions
 d - a potion of might {unknown}
 m - a potion of flight {unknown}
 p - 2 potions of attraction {unknown}
 q - a potion of mutation {unknown}
 r - 3 potions of curing {unknown}
 x - a potion of invisibility {unknown}
 z - 2 potions of resistance {unknown}


   Skills:
 + Level 3.5 Fighting
 + Level 0.4 Short Blades
 + Level 0.4 Maces & Flails
 + Level 5.8 Ranged Weapons
 + Level 1.2 Armour
 + Level 2.6 Dodging
 + Level 1.0 Stealth


You had 4 spell levels left.
You didn't know any spells.
Your spell library contained the following spells:

 Spells                   Type           Power      Damage    Failure   Level
 Frozen Ramparts          Ice            0%         1d1       93%         3
 Ice Form                 Ice/Tmut       0%         N/A       100%        4
 Summon Ice Beast         Ice/Summ       0%         N/A       100%        4


Dungeon Overview and Level Annotations

Branches:
Dungeon (4/15)
 Temple: D:4-7

Altars:


Innate Abilities, Weirdness & Mutations

You are amphibious.
You cover ground slowly.
You can hop short distances.
You have an extended range of vision and can be seen from far away.


Message History

Aim: an orc priest, wielding a +0 hand axe (about 37% to evade your +2 flail of venom)
You barely miss the orc priest.
The orc priest calls down the wrath of Beogh upon you.
Beogh smites you!
The orc priest hits you but does no damage.
Hit: y) +2 flail (venom)
Press: ? - help, Dir - move target, f - orc priest, p - orc priest
Aim: an orc priest, wielding a +0 club (moderately wounded, about 37% to evade your +2 flail of venom)
You thump the orc priest!
You kill the orc priest!
The orc priest miscasts a cantrip.
Hit: y) +2 flail (venom)
Press: ? - help, Dir - move target, f - orc priest
Aim: an orc priest, wielding a +0 hand axe (about 37% to evade your +2 flail of venom)
You barely miss the orc priest. The orc misses you.
The orc priest hits you but does no damage.
Hit: y) +2 flail (venom)
Press: ? - help, Dir - move target, f/p - orc priest
Aim: an orc priest, wielding a +0 hand axe (about 37% to evade your +2 flail of venom)
You hit the orc priest.
The orc priest is poisoned.
The orc priest is lightly wounded.
The orc priest mumbles some strange prayers to Beogh against you.
Beogh smites you!
* * * LOW HITPOINT WARNING * * *
The orc misses you. The orc hits you with a +0 short sword.
* * * LOW HITPOINT WARNING * * *
The orc priest hits you with a +0 hand axe.
* * * LOW HITPOINT WARNING * * *
Your legs are too worn out to hop.
Your legs are too worn out to hop.
As you read the scroll of immolation, it crumbles to dust.
The creatures around you are filled with an inner flame!
Flame seeps out of the orc priest.
The orc hits you with a +0 short sword.
* * * LOW HITPOINT WARNING * * *
The orc priest is engulfed in blazing flames.
The orc priest explodes!
The fiery explosion engulfs the orc!!
The fiery explosion engulfs you!!! The fire burns you terribly!
Ouch! That really hurt!
You die...

......) #.....#
##.....###.#.#.#
...............#
##########.#.#.#
#.....#
#############.###
#§§.........†.#
....####○#############
#...).§@# ##.###..#
#..# #..# #..# #..#
#..# ..)# ####


There were no monsters in sight!

Vanquished Creatures
  A scorpion (D:4)
  2 orc priests (D:4)
  3 gnolls (D:3)
  A dart slug (D:2)
  4 orcs
  4 ball pythons
  4 bats
  2 endoplasms
  3 giant cockroaches
  2 goblins
  5 hobgoblins
  10 jackals
  3 quokkas
  2 frilled lizards (D:1)
  6 kobolds
  3 rats
55 creatures vanquished.

Notes
Turn   | Place    | Note
-------+----------+-------------------------------------------
     0 | D:1      | Indecide the Barachi Hunter began the quest for the Orb.
     0 | D:1      | Reached XP level 1. HP: 17/17 MP: 1/1
    58 | D:1      | Reached XP level 2. HP: 23/23 MP: 2/2
   249 | D:1      | Reached XP level 3. HP: 28/28 MP: 3/3
   812 | D:2      | Identified the ring "Azouroff" {Ice Str+3 Dex+3}
   817 | D:2      | Identified 2 scrolls of acquirement
   817 | D:2      | Acquired 449 gold pieces
  1429 | D:3      | Reached skill level 5 in Ranged Weapons
  1779 | D:3      | Reached XP level 4. HP: 35/35 MP: 4/4
  2271 | D:4      | Noticed a scorpion
  2278 | D:4      | Killed a scorpion
  2279 | D:4      | Reached skill level 1 in Armour
  2279 | D:4      | Reached skill level 1 in Stealth
  2279 | D:4      | Reached XP level 5. HP: 33/41 MP: 3/5
  2313 | D:4      | Killed by an exploding orc priest... ignited by their inner
                  | flame

Illustrated notes

Levels and vault maps discovered:
D:1:      spicycebolla_arrival_risky_transporter, layout_basic
D:2:      layout_loops_ring, grunt_ministairs_9, minivault_23
D:3:      layout_loops_ring
D:4:      layout_loops_ring, mainiacjoe_overflow_paths, minivault_1

Skill      XL: |  1  2  3  4 |
---------------+-------------+-----
Ranged Weapons | 5 |  5.8
Fighting       | 3 |  3.5
Armour         | 1 |  1.2
Stealth        | 1 |  1.0
Short Blades   | |  0.4
Maces & Flails | |  0.4
Dodging        | |  2.6

Action                     |  1- 3 |  4- 6 || total
---------------------------+-------+-------++-------
  Melee: Rapier            |       |     5 ||     5
         Flail             |       |     8 ||     8
   Fire: Shortbow          |    85 |    26 ||   111
Ability: Hop               |       |     2 ||     2
    Use: Scroll            |     3 |     1 ||     4
 Armour: Leather armour    |    11 |     3 ||    14
         Ring mail         |       |     5 ||     5
  Dodge: Dodged            |    32 |    11 ||    43

Table legend: (Time is in decaauts)
 A = Elapsed time spent in this place.
 B = Non-inter-level travel time spent in this place.
 C = Inter-level travel time spent in this place.
 D = Time resting spent in this place.
 E = Time spent auto-exploring this place.
 F = Levels seen in this place.
 G = Mean time per level.
                   A        B        C        D        E       F      G
               +--------+--------+--------+--------+--------+-----+--------+
         Total |   2728 |   2727 |      1 |    103 |    903 |   4 |  682.0 |
       Dungeon |   2728 |   2727 |      1 |    103 |    903 |   4 |  682.0 |
               +--------+--------+--------+--------+--------+-----+--------+

Top non-repeatable levels by time:
     D:3: 875 daAuts
     D:1: 874 daAuts
     D:2: 805 daAuts
     D:4: 172 daAuts
